 Dungeon Crawl Stone Soup version 0.17-a0-913-g36eb389 (webtiles) character file.

110 oplop the Digger (level 4, -10/27 HPs)
             Began as a Gargoyle Earth Elementalist on May 4, 2015.
             Killed by nerve-wracking pain
             ... invoked by Grinder
              (12 damage)
             ... on level 3 of the Dungeon.
             The game lasted 00:05:25 (2401 turns).

oplop the Digger (Gargoyle Earth Elementalist)      Turns: 2401, Time: 00:05:25

Health: -10/27     AC:  6    Str: 12    XL:     4   Next: 91%
Magic:  8/8        EV: 12    Int: 16    God:
Gold:   105        SH:  0    Dex: 10    Spells: 3 memorised, 2 levels left

rFire  . . .     SeeInvis .     b - +3 quarterstaff (chaos)
rCold  + . .     Clarity  .     f - +0 robe
rNeg   + + .     SustAb   .     (no shield)
rPois  ∞         Gourm    .     (no helmet)
rElec  +         Spirit   .     h - +0 cloak
rCorr  .         Warding  .     (no gloves)
rMut   .         Stasis   .     (no boots)
MR     .....                    (no amulet)
Stlth  ++........               e - ring of protection from cold
                                i - ring of positive energy

@: about to teleport, not resistant to hostile enchantments, unstealthy
A: negative energy resistance 1, electricity resistance, unbreathing,
petrification resistance, rot immunity, AC +3
a: no special abilities


You were on level 3 of the Dungeon.
You were hungry.

You visited 1 branch of the dungeon, and saw 3 of its levels.

You collected 105 gold pieces.

Inventory:

Hand weapons
 b - a +3 quarterstaff of chaos (weapon)
Missiles
 a - 54 stones (quivered)
Armour
 f - a +0 robe (worn)
 h - a +0 cloak (worn)
Jewellery
 e - a ring of protection from cold (right hand)
 i - a ring of positive energy (left hand)
Scrolls
 j - a scroll of fear {unknown}
 m - a scroll of remove curse {unknown}
 s - a scroll of enchant armour {unknown}
 t - a scroll of amnesia {unknown}
 v - a scroll of identify
Potions
 g - a potion of haste
 k - a potion of cancellation {unknown}
 n - a potion of mutation {unknown}
 q - a potion of resistance {unknown}
Books
 c - a book of Geomancy

   Spells                             Type                      Level
   a - Sandblast                      Earth                        1
   b - Stoneskin                      Transmutation/Earth          2
   c - Passwall                       Transmutation/Earth          3
   d - Stone Arrow                    Conjuration/Earth            3
   e - Petrify                        Transmutation/Earth          4
   f - Lee's Rapid Deconstruction     Earth                        5
 p - a book of Ice

   Spells                             Type                      Level
   a - Ice Form                       Ice/Transmutation            4
   b - Metabolic Englaciation         Hexes/Ice                    5
   c - Ozocubu's Refrigeration        Ice                          6
   d - Bolt of Cold                   Conjuration/Ice              6
   e - Freezing Cloud                 Conjuration/Ice/Air          6
   f - Simulacrum                     Ice/Necromancy               6
Comestibles
 d - 2 bread rations
 u - a slice of pizza


   Skills:
 + Level 2.3 Fighting
 + Level 0.4 Staves
 - Level 1.5 Dodging
 - Level 2.1 Stealth
 + Level 2.9 Spellcasting
 - Level 0.7 Transmutations
 + Level 4.9 Earth Magic


You had 2 spell levels left.
You knew the following spells:

 Your Spells              Type           Power        Failure   Level  Hunger
a - Sandblast             Erth           ###...       2%          1    #......
b - Stoneskin             Trmt/Erth      ##......     10%         2    ##.....
c - Stone Arrow           Conj/Erth      ##....       21%         3    ###....


Dungeon Overview and Level Annotations

Branches:
Dungeon (3/15)

Altars:
Elyvilon
Kikubaaqudgha
Nemelex Xobeh
Okawaru
Ru

Annotations:
D:1 Ijyb
D:3 Grinder


Innate Abilities, Weirdness & Mutations

You are resistant to torment.
Your stone body is resilient (AC +3).
You are immune to poison.
You resist negative energy.
You are resistant to electric shocks.
You can survive without breathing.
You are immune to petrification.
You are immune to rotting.


Message History

You hit Grinder but do no damage. Grinder hits you but does no damage.
Unknown command.
You closely miss Grinder. Grinder hits you. Grinder misses you.
You closely miss Grinder. Grinder barely misses you.
You thump Grinder!
Grinder is moderately wounded.
Grinder misses you.
You closely miss Grinder.
Grinder is moderately wounded.
Grinder hits you. Grinder hits you!
Read which item? (? for menu, Esc to quit)
As you read the scroll of teleportation, it crumbles to dust.
You feel strangely unstable. Grinder hits you!
* * * LOW HITPOINT WARNING * * *
Unknown command.
Drink which item? (? for menu, Esc to quit)
It was a potion of magic.
Magic courses through your body. Grinder gestures at you.
Pain shoots through your body!
You die...

#.##.# #.####
#.##.####.########
#†##.............#
#.#...###.######.#
#......##.#
#.#...###.# #
#.........#
.....######..#####
#...5@....#
########+##


You could see Grinder.

Vanquished Creatures
  Crazy Yiuf (D:2)
  Terence (D:2)
  An adder (D:2)
  2 worms
  2 giant geckos (D:1)
  An orc (D:3)
  8 goblins
  3 hobgoblins
  6 kobolds
  5 bats
  3 giant cockroaches
  4 giant newts
  5 rats
42 creatures vanquished.

Notes
Turn   | Place    | Note
--------------------------------------------------------------
     0 | D:1      | oplop, the Gargoyle Earth Elementalist, began the quest for the Orb.
     0 | D:1      | Reached XP level 1. HP: 10/10 MP: 3/3
   318 | D:1      | Reached XP level 2. HP: 12/15 MP: 0/5
   575 | D:1      | Reached skill level 4 in Earth Magic
   607 | D:1      | Reached skill level 1 in Fighting
  1059 | D:2      | Reached XP level 3. HP: 13/20 MP: 0/6
  1242 | D:2      | Noticed Ijyb
  1655 | D:2      | Noticed Crazy Yiuf
  1661 | D:2      | Killed Crazy Yiuf
  1661 | D:2      | Reached XP level 4. HP: 24/26 MP: 3/8
  1740 | D:2      | Noticed Terence
  1749 | D:2      | Killed Terence
  1836 | D:2      | Found a sacrificial altar of Ru.
  1841 | D:2      | Found an iron altar of Okawaru.
  1843 | D:2      | Found a white marble altar of Elyvilon.
  1844 | D:2      | Found an ancient bone altar of Kikubaaqudgha.
  1846 | D:2      | Found a sparkling altar of Nemelex Xobeh.
  2067 | D:3      | Learned a level 2 spell: Stoneskin
  2071 | D:3      | Learned a level 3 spell: Stone Arrow
  2386 | D:3      | Noticed Grinder
  2389 | D:3      | Paralysed by Grinder for 6 turns
  2401 | D:3      | Killed from afar by Grinder

Action                   |  1- 3 |  4- 6 || total
-------------------------+-------+-------++-------
Melee: Unarmed           |    31 |       ||    31
       Short sword       |    25 |       ||    25
       Quarterstaff      |       |    43 ||    43
 Cast: Sandblast         |    69 |     2 ||    71
  Use: Scroll            |     2 |     1 ||     3
       Potion            |       |     1 ||     1
 Stab: Sleeping          |     2 |     1 ||     3
  Eat: Meat ration       |     1 |       ||     1
